 Dungeon Crawl Stone Soup version 0.26.1-11-gd32895ea62 (webtiles) character file.

Game seed: 14570600762637530252

1872 porpoise the Skirmisher (level 9, -1/64 HPs)
             Began as a Halfling Wanderer on July 14, 2021.
             Was a Believer of Okawaru.
             Slain by a two-headed ogre
             ... wielding a +0 dire flail
              (6 damage)
             ... on level 6 of the Dungeon.
             The game lasted 00:20:24 (7386 turns).

porpoise the Skirmisher (Halfling Wanderer)         Turns: 7386, Time: 00:20:25

Health: -1/64      AC: 16    Str: 15    XL:     9   Next: 36%
Magic:  11/11      EV: 14    Int: 11    God:    Okawaru [**....]
Gold:   250        SH:  0    Dex: 14    Spells: 8/8 levels left

rFire    + . .     SeeInvis .   a - +5 short sword of Qacel {freeze, rF+}
rCold    . . .     Faith    .   (shield restricted)
rNeg     . . .     Spirit   .   J - +2 ring mail {Will+}
rPois    .         Reflect  .   h - +0 helmet
rElec    .         Harm     .   (no cloak)
rCorr    .         Rampage  .   r - +0 pair of gloves
Will     +....                  o - +0 pair of boots
Stlth    ++........             K - amulet of magic regeneration
HPRegen  0.20/turn              I - +4 ring of protection
MPRegen  0.37/turn              n - ring of stealth

@: about to teleport
A: small, mutation resistance 1
a: Renounce Religion, Heroism


You were on level 6 of the Dungeon.
You worshipped Okawaru.
Okawaru was pleased with you.
You visited 1 branch of the dungeon, and saw 6 of its levels.
You also visited: Sewer.

You collected 250 gold pieces.

Inventory:

Hand Weapons
 a - the +5 short sword of Qacel (weapon) {freeze, rF+}
   (You found it on level 5 of the Dungeon)

   It has been specially enchanted to freeze those struck by it, causing extra
   injury to most foes and up to half again as much damage against particularly
   susceptible opponents.
   It can also slow down cold-blooded creatures.
   It protects you from fire.
Missiles
 e - 45 stones
 f - 68 sling bullets
 m - 64 arrows
 p - 24 poisoned darts (quivered)
 u - 4 boomerangs
 F - 2 atropa-tipped darts
Armour
 b - a +3 scale mail
 h - a +0 helmet (worn)
 o - a +0 pair of boots (worn)
 r - a +0 pair of gloves (worn)
 J - a +2 ring mail of willpower (worn)
Jewellery
 n - a ring of stealth (right hand)
 y - an uncursed ring of see invisible
 B - an uncursed ring of fire
 I - a +4 ring of protection (left hand)
 K - an amulet of magic regeneration (around neck)
Wands
 i - a wand of random effects (12)
 s - a wand of acid (7)
 v - a wand of iceblast (5)
 D - a wand of flame (19)
 H - a wand of disintegration (9)
Scrolls
 k - a scroll of enchant armour
 q - 4 scrolls of teleportation
 w - a scroll of noise
 C - a scroll of amnesia
 E - a scroll of identify
 G - a scroll of magic mapping
Potions
 c - a potion of lignification
 d - 3 potions of degeneration
 g - 6 potions of curing
 j - a potion of attraction
 l - a potion of flight
 t - 2 potions of berserk rage
 x - a potion of brilliance
 z - 2 potions of heal wounds
 A - a potion of magic


   Skills:
 - Level 7.0 Fighting
 + Level 6.5 Short Blades
 - Level 1.6(2.0) Slings
 - Level 1.0(1.2) Throwing
 - Level 7.0 Armour
 + Level 3.2 Dodging
 - Level 2.1 Stealth
 - Level 3.0 Invocations


You had 8 spell levels left.
You didn't know any spells.
Your spell library was empty.

Dungeon Overview and Level Annotations

Branches:
Dungeon (6/15)              Sewer (visited)
 Temple: D:4-7

Altars:
Cheibriados
Elyvilon
Hepliaklqana
Okawaru
Wu Jian
The Shining One


Innate Abilities, Weirdness & Mutations

You are small and have problems with some larger weapons.
You are somewhat resistant to further mutation.


Message History

The two-headed ogre is heavily wounded.
The leopard gecko barely misses you.
The two-headed ogre hits you but does no damage.
The two-headed ogre barely misses you.
You hit the two-headed ogre. You freeze the two-headed ogre.
The two-headed ogre is heavily wounded.
The leopard gecko bites you.
You hit the two-headed ogre. You freeze the two-headed ogre.
The two-headed ogre is severely wounded.
The leopard gecko barely misses you.
The two-headed ogre hits you with a +0 dire flail!!
The two-headed ogre hits you with a +0 giant club.
* * * LOW HITPOINT WARNING * * *
Unknown command.
As you read the scroll of teleportation, it crumbles to dust.
You feel strangely unstable. The leopard gecko closely misses you.
The two-headed ogre hits you with a +0 dire flail!
* * * LOW HITPOINT WARNING * * *
The two-headed ogre hits you with a +0 giant club.
You die...

.....# .#
#....................
.....# #
##............##.#.#.
.....#
#....##.......#.....
.....#
#....##.....#.#...##
.....#
#####>...##.....#.#.....
.......
.........###.#.##.###...
.###.... .........#
#.#.##.. .... .# ....
.....$...# #.#..... #.##
.# ##. #.....#@##
#.###.... ..###BlO# #.#
...# .#...#zzZ #.# .
##..#.... ...
#.#.#........ #[#
......... . #.........
#........


You could see a two-headed ogre, a worker ant, 2 wights, a bullfrog zombie and a
leopard gecko.

Vanquished Creatures
  Pikel (D:5)
  Duvessa (D:5)
  A sky beast (D:5)
  A phantom (D:4)
  An ogre (D:6)
  A centaur (D:5)
  A lemure (D:5)
  A big kobold (Sewer)
  A bullfrog (D:6)
  Dowan (D:5)
  2 howler monkeys (D:4)
  3 bullfrog zombies
  3 hounds
  2 orc wizards
  2 orc priests (D:4)
  2 bullfrog skeletons (D:5)
  2 iguanas
  Natasha (thrice) (D:3)
  2 worker ants
  8 adders
  3 river rats
  A white imp (D:5)
  2 oozes
  3 worms
  6 leopard geckos
  9 orcs
  A ball python (D:3)
  6 giant cockroaches
  8 hobgoblins
  6 jackals
  13 kobolds
  3 quokkas
  8 bats
  5 frilled lizards
  6 goblins
  A jackal skeleton (D:5)
  11 rats
131 creatures vanquished.

Notes
Turn   | Place    | Note
-------+----------+-------------------------------------------
     0 | D:1      | porpoise the Halfling Wanderer began the quest for the Orb.
     0 | D:1      | porpoise set off with the following items: a +0 spear, a +2
                  | scale mail, a potion of lignification, a +0 dagger
     0 | D:1      | Reached XP level 1. HP: 14/14 MP: 1/1
   375 | D:1      | Reached XP level 2. HP: 14/20 MP: 2/2
  1220 | D:1      | Reached XP level 3. HP: 20/25 MP: 3/3
  1912 | D:2      | Reached XP level 4. HP: 32/32 MP: 4/4
  2546 | D:3      | Found a glowing drain.
  2614 | Sewer    | Entered a sewer
  2746 | Sewer    | Noticed a big kobold
  2813 | Sewer    | Killed a big kobold
  2814 | Sewer    | Reached skill level 5 in Fighting
  2814 | Sewer    | Reached XP level 5. HP: 31/39 MP: 5/5
  2923 | Sewer    | Found a glowing silver altar of Zin.
  3092 | D:3      | Reached XP level 6. HP: 39/45 MP: 6/6
  3193 | D:3      | Found a glowing golden altar of the Shining One.
  3399 | D:3      | Noticed Natasha
  3427 | D:3      | Killed Natasha
  3612 | D:3      | Found a hazy altar of Hepliaklqana.
  3631 | D:3      | Found an ornate altar of the Wu Jian Council.
  3644 | D:3      | Found an iron altar of Okawaru.
  3654 | D:3      | Found a white marble altar of Elyvilon.
  3677 | D:3      | Became a worshipper of Warmaster Okawaru
  3723 | D:3      | Noticed Natasha
  3731 | D:3      | Killed Natasha
  3760 | D:3      | Noticed Natasha
  3768 | D:3      | Killed Natasha
  3769 | D:3      | Reached skill level 1 in Slings
  4044 | D:4      | Noticed a phantom
  4153 | D:4      | Killed a phantom
  4154 | D:4      | Reached XP level 7. HP: 44/53 MP: 7/7
  4373 | D:4      | Reached * piety under Okawaru
  4671 | D:4      | Reached skill level 1 in Invocations
  5433 | D:4      | Reached XP level 8. HP: 52/60 MP: 9/9
  5727 | D:5      | Entered Level 5 of the Dungeon
  5930 | D:5      | Got a fine short sword
  5931 | D:5      | Identified the +5 short sword of Qacel {freeze, rF+} (You
                  | found it on level 5 of the Dungeon)
  5998 | D:5      | Noticed Duvessa
  6103 | D:5      | Noticed Dowan
  6108 | D:5      | Reached skill level 1 in Short Blades
  6108 | D:5      | Reached skill level 5 in Armour
  6115 | D:5      | Killed Duvessa
  6115 | D:5      | Reached ** piety under Okawaru
  6119 | D:5      | Killed Dowan
  6869 | D:5      | Noticed Pikel
  6889 | D:5      | Killed Pikel
  6890 | D:5      | Reached XP level 9. HP: 59/64 MP: 11/11
  7045 | D:6      | Found a snail-covered altar of Cheibriados.
  7370 | D:6      | Noticed a two-headed ogre
  7386 | D:6      | Slain by a two-headed ogre

Illustrated notes

Levels and vault maps discovered:
D:1:      denvon_arrival_planthouse, layout_basic
D:2:      layout_rooms
D:3:      layout_loops_ring, grunt_temple_overflow_cloverleaf,
          lemuel_crystal_altar, portal_sewer_entry_c, uniq_natasha
D:4:      layout_loops_ring, minivault_19
D:5:      layout_basic, uniq_duvessa, uniq_pikel
D:6:      layout_basic, cheibriados_altar_1, minmay_manual_mail

Skill      XL: |  1  2  3  4  5  6  7  8  9 |
---------------+----------------------------+-----
Fighting       | 2 3 5 6 7 |  7.0
Slings         | 1 |  1.6
Invocations    | 2 3 |  3.0
Armour         | 4 7 |  7.0
Short Blades   | 6 |  6.5
Dodging        | 3 |  3.2
Throwing       | |  1.0
Stealth        | |  2.1

Action                   |  1- 3 |  4- 6 |  7- 9 || total
-------------------------+-------+-------+-------++-------
Melee: Spear             |   189 |   358 |   191 ||   738
       Short sword       |       |       |   124 ||   124
Throw: Dart              |       |       |     8 ||     8
  Use: Scroll            |     5 |     5 |     7 ||    17
       Potion            |       |       |     4 ||     4
 Stab: Sleeping          |       |     6 |     4 ||    10
Armor: Scale mail        |    54 |   149 |   126 ||   329
       Ring mail         |       |       |     7 ||     7
Dodge: Dodged            |    92 |   178 |   164 ||   434
